 Dungeon Crawl Stone Soup version 0.20-a0-1016-g241539b (webtiles) character file.

34 JeffiDaFish the Covered (level 3, -3/23 HPs)
             Began as a Gargoyle Fighter on Apr 15, 2017.
             Was an Initiate of Okawaru.
             Killed by divine providence
             ... invoked by an orc priest
              (13 damage)
             ... on level 2 of the Dungeon.
             The game lasted 00:01:58 (882 turns).

JeffiDaFish the Covered (Gargoyle Fighter)           Turns: 882, Time: 00:02:00

Health: -3/23      AC: 12    Str: 24    XL:     3   Next: 31%
Magic:  3/3        EV:  7    Int:  8    God:    Okawaru [......]
Gold:   89         SH: 10    Dex: 10    Spells: 2/2 levels left

rFire    . . .     SeeInvis .   a - +0 flail
rCold    . . .     Gourm    .   c - +1 shield
rNeg     + . .     Faith    .   b - +0 scale mail
rPois    ∞         Spirit   .   (helmet restricted)
rElec    +         Reflect  .   j - +0 cloak
rCorr    .         Harm     .   i - +0 pair of gloves
MR       .....                  (no boots)
Stlth    ..........             (no amulet)
Regen    0.1/turn               (no ring)
MPRegen  0.1/turn               (no ring)

@: mighty
A: hooves 1, horns 1, blurry vision 1, negative energy resistance 1, electricity
resistance, unbreathing, petrification resistance, rot immunity, subdued magic
1, AC +3
a: Renounce Religion


You were on level 2 of the Dungeon.
You worshipped Okawaru.
Okawaru was noncommittal.
You were not hungry.

You visited 1 branch of the dungeon, and saw 2 of its levels.

You collected 89 gold pieces.

Inventory:

Hand Weapons
 a - a +0 flail (weapon)
Armour
 b - a +0 scale mail (worn)
 c - a +1 shield (worn)
 i - a +0 pair of gloves (worn)
 j - a +0 cloak (worn)
Scrolls
 e - a scroll of identify
 k - 2 scrolls of remove curse
Comestibles
 f - a bread ration
 g - a royal jelly
 h - 3 chunks of flesh
 l - 2 fruits


   Skills:
 + Level 3.5 Fighting
 + Level 2.6 Maces & Flails
 + Level 3.7 Armour
 + Level 3.7 Shields


You had 2 spell levels left.
You didn't know any spells.

Dungeon Overview and Level Annotations

Branches:
Dungeon (2/15)

Altars:
Elyvilon
Gozag
Hepliaklqana
Nemelex Xobeh
Okawaru
Qazlal
Sif Muna
Vehumet


Innate Abilities, Weirdness & Mutations

You are resistant to torment.
Your stone body is resilient. (AC +3)
You are immune to poison.
You resist negative energy. (rN+)
You are resistant to electric shocks. (rElec)
You can survive without breathing.
You are immune to petrification.
You are immune to rotting.
You have large cloven feet.
You have a pair of small horns on your head.
Scrolls take you a little longer to read.
Your spells are a little easier to cast, but a little less powerful.


Message History

An orc and an orc priest come into view.
The orc priest shouts!
The orc shouts! x2
You feel very mighty all of a sudden.
You bludgeon the orc!!
You kill the orc!
Okawaru accepts your kill.
You hit the orc. You kick the orc.
You kill the orc!
Okawaru accepts your kill.
The orc priest invokes the aid of Beogh against you.
Beogh smites you!
Ouch! That really hurt!
You are too injured to fight recklessly!
You thump the orc!
You kill the orc!
Okawaru accepts your kill.
The orc priest invokes the aid of Beogh against you.
Beogh smites you!
Ouch! That really hurt!
You die...

# ..^.....# #.# #
.8o..8..## #.# #
.o.......# #.#
##### ..o.o....#
#(# .....
.........# #.#
.### .8.o.8.o.#
#.# .# .........#
#.# .#
########o.#####.#
##
.......@........#
###<.....#.######
######.#.# #.#.#
#.#.# # #.#.# #
#.#.# # #.#.# #
#.#


You could see 2 orc priests.

Vanquished Creatures
  An ooze (D:2)
  A worm (D:2)
  A dart slug (D:1)
  3 orcs (D:2)
  2 bats
  2 giant cockroaches (D:1)
  A goblin (D:2)
  4 hobgoblins
  2 kobolds
  A frilled lizard (D:1)
  2 rats
20 creatures vanquished.

Notes
Turn   | Place    | Note
-------+----------+-------------------------------------------
     0 | D:1      | JeffiDaFish the Gargoyle Fighter began the quest for the Orb.
     0 | D:1      | Reached XP level 1. HP: 14/14 MP: 1/1
   165 | D:1      | Gained mutation: Your spells are a little easier to cast, but a little less powerful. [potion of mutation]
   165 | D:1      | Gained mutation: You have a pair of small horns on your head. [potion of mutation]
   165 | D:1      | Gained mutation: Scrolls take you a little longer to read. [potion of mutation]
   165 | D:1      | Gained mutation: You have large cloven feet. [potion of mutation]
   281 | D:1      | Reached XP level 2. HP: 19/19 MP: 2/2
   720 | D:2      | Found a white marble altar of Elyvilon.
   721 | D:2      | Found a sparkling altar of Nemelex Xobeh.
   723 | D:2      | Found a deep blue altar of Sif Muna.
   723 | D:2      | Found a hazy altar of Hepliaklqana.
   723 | D:2      | Found an iron altar of Okawaru.
   728 | D:2      | Found a radiant altar of Vehumet.
   728 | D:2      | Found a stormy altar of Qazlal.
   729 | D:2      | Found an opulent altar of Gozag.
   754 | D:2      | Reached XP level 3. HP: 23/23 MP: 3/3
   757 | D:2      | Became a worshipper of Warmaster Okawaru
   882 | D:2      | Killed from afar by an orc priest

Vault maps used:
D:1:      dpeg_arrival_concentric_ovals, minivault_23, minmay_pentomino_t2
D:2:      cheibrodos_pilgrimage, grunt_temple_overflow_open, first_bread

Action                   || total
-------------------------++-------
Melee: Flail             ||    51
       Kick              ||     9
       Headbutt          ||     5
  Use: Scroll            ||     7
       Potion            ||     3
Armor: Scale mail        ||    27
Dodge: Dodged            ||    23
Block: Shield            ||    30
